 Dungeon Crawl Stone Soup version 0.29-a0-384-g6960b1960d (webtiles) character file.

Game seed: 682284650183593059

56 avis the Skirmisher (level 3, -4/39 HPs)
             Began as an Ogre Warper on May 7, 2022.
             Slain by a gnoll
             ... wielding a +0 spear
              (5 damage)
             ... on level 1 of the Dungeon.
             The game lasted 00:05:10 (2258 turns).

avis the Skirmisher (Ogre Warper)                   Turns: 2258, Time: 00:05:12

Health: -4/39      AC:  3    Str: 15    XL:     3   Next: 97%
Magic:  6/6        EV:  9    Int: 16    God:
Gold:   50         SH:  0    Dex:  8    Spells: 4/6 levels left

rFire   + . .      SeeInvis .   a - +0 mace
rCold   . . .      Faith    .   (no shield)
rNeg    . . .      Spirit   .   b - +0 robe
rPois   .          Reflect  .   (helmet restricted)
rElec   .          Harm     .   (no cloak)
rCorr   .          Rampage  .   (gloves unavailable)
Will    .....                   (boots unavailable)
Stlth   +.........              (no amulet)
HPRegen 0.13/turn               i - ring of protection from fire
MPRegen 0.10/turn               (no ring)

@: no status effects
A: large, unfitting armour, tough skin 1
a: no special abilities


You were on level 1 of the Dungeon.
You visited 1 branch of the dungeon, and saw 2 of its levels.

You collected 50 gold pieces.

Inventory:

Hand Weapons
 a - a +0 mace (weapon)
Missiles
 d - 7 boomerangs of dispersal
 g - 12 poisoned darts (quivered)
Armour
 b - a +0 robe (worn)
Jewellery
 i - a ring of protection from fire (left hand)
Scrolls
 c - a scroll of blinking
 e - 2 scrolls of silence {unknown}
 f - a scroll of noise {unknown}
 j - a scroll of enchant weapon {unknown}
 k - a scroll of vulnerability {unknown}
 l - a scroll of fog {unknown}
Potions
 h - a potion of mutation {unknown}


   Skills:
 + Level 3.7 Fighting
 * Level 3.0 Maces & Flails
 - Level 1.0 Throwing
 - Level 2.1 Dodging
 + Level 2.4 Spellcasting
 - Level 3.0 Translocations


You had 4 spell levels left.
You knew the following spells:

 Your Spells              Type           Power      Damage    Failure   Level
b - Blink                 Tloc           22%        N/A       9%          2

Your spell library contained the following spells:

 Spells                   Type           Power      Damage    Failure   Level
 Gell's Gravitas          Tloc           11%        N/A       17%         3
 Lesser Beckoning         Tloc           11%        N/A       17%         3
 Teleport Other           Tloc           11%        N/A       17%         3
 Sandblast                Erth           2%         2d4       21%         1
 Passwall                 Tmut/Erth      0%         N/A       30%         2
 Portal Projectile        Hex/Tloc       12%        N/A       32%         3
 Call Canine Familiar     Summ           1%         N/A       52%         3
 Stone Arrow              Conj/Erth      2%         3d7       52%         3
 Leda's Liquefaction      Hex/Erth       0%         N/A       89%         4
 Manifold Assault         Tloc           11%        N/A       85%         5


Dungeon Overview and Level Annotations

Branches:
Dungeon (2/15)

Altars:


Innate Abilities, Weirdness & Mutations

You are too large for most types of armour.
You have tough skin. (AC +1)


Message History

a +0 spear; a gnoll corpse You start resting.
HP restored.
There is a stone staircase leading down, spattered with blood here.
You climb downwards.
The gnoll barely misses you. The gnoll hits you with a +0 spear.
There is a stone staircase leading up here.
The gnoll hits you from afar with a +0 spear.
The gnoll hits you with a +0 spear.
You climb upwards.
There is a stone staircase leading down, spattered with blood here.
You hit the gnoll.
The gnoll is moderately wounded.
The gnoll closely misses you.
You barely miss the gnoll.
The gnoll is moderately wounded.
The gnoll hits you with a +0 spear. The gnoll hits you with a +0 spear!
You closely miss the gnoll.
The gnoll is moderately wounded.
The gnoll hits you with a +0 spear.
You hit the gnoll.
The gnoll is heavily wounded.
The gnoll barely misses you.
You hit the gnoll.
The gnoll is severely wounded.
The gnoll hits you but does no damage.
You barely miss the gnoll.
The gnoll is severely wounded.
The gnoll hits you with a +0 spear.
* * * LOW HITPOINT WARNING * * *
The gnoll hits you with a +0 spear.
* * * LOW HITPOINT WARNING * * *
You closely miss the gnoll.
The gnoll is severely wounded.
The gnoll hits you with a +0 spear!
* * * LOW HITPOINT WARNING * * *
You completely miss the gnoll.
The gnoll is severely wounded.
The gnoll hits you with a +0 spear.
You die...

#.....# ##...## #.........#
#.....# ##.....###.........#
#.....###.......##..##..#..#
####.....##.........#>.#...#..#
..........'.........'.........#
###......##.........#..#...#..#
#...##.###.......##.........#
#...##.# ##...).###.###.###.#
#...##.# ##.g@## #.........#
#...##.# ##'## ###.###.###
###..###.#### #.# #.# #.#
#...........# #.# #.###.#
#.#...#####.###.## #.....#
#.##..# #.##...## ###.###
#.##..# #.#.....# #.# #.###.#
#.##...## #.#
#.###.#####.###.#########.#


You could see a gnoll.

Vanquished Creatures
  2 gnolls
  An adder (D:2)
  2 dart slugs
  4 ball pythons
  3 endoplasms (D:1)
  A giant cockroach (D:2)
  A goblin (D:1)
  A hobgoblin (D:1)
  3 bats
  5 frilled lizards (D:1)
  2 kobolds
  2 rats (D:1)
27 creatures vanquished.

Notes
Turn   | Place    | Note
-------+----------+-------------------------------------------
     0 | D:1      | avis the Ogre Warper began the quest for the Orb.
     0 | D:1      | Reached XP level 1. HP: 22/22 MP: 3/3
   200 | D:1      | Found a faded altar of an unknown god.
   525 | D:1      | Reached XP level 2. HP: 31/31 MP: 5/5
   825 | D:1      | Learned a level 2 spell: Blink
  1522 | D:2      | Reached XP level 3. HP: 37/37 MP: 6/6
  2257 | D:1      | HP: 1/39 [gnoll/+0 spear (8)]
  2258 | D:1      | Slain by a gnoll

Illustrated notes

Levels and vault maps discovered:
D:1:      minmay_arrival_doors, layout_loops_corners,
          shapermc_ecumenical_altar_flowoftime
D:2:      layout_basic, basic_altar

Skill      XL: |  1  2  3 |
---------------+----------+-----
Fighting       | 3 |  3.7
Maces & Flails | 2 3 |  3.0
Translocations | 3 |  3.0
Throwing       | |  1.0
Dodging        | |  2.1
Spellcasting   | |  2.4

Action                   || total
-------------------------++-------
Melee: Mace              ||   107
       Punch             ||     1
Armor: Robe              ||    27
Dodge: Dodged            ||    54

Table legend: (Time is in decaauts)
 A = Elapsed time spent in this place.
 B = Non-inter-level travel time spent in this place.
 C = Inter-level travel time spent in this place.
 D = Time resting spent in this place.
 E = Time spent auto-exploring this place.
 F = Levels seen in this place.
 G = Mean time per level.
                   A        B        C        D        E       F      G
               +--------+--------+--------+--------+--------+-----+--------+
         Total |   2290 |   2197 |     93 |    873 |    960 |   2 | 1145.0 |
       Dungeon |   2290 |   2197 |     93 |    873 |    960 |   2 | 1145.0 |
               +--------+--------+--------+--------+--------+-----+--------+

Top non-repeatable levels by time:
     D:1: 1736 daAuts
     D:2: 553 daAuts
